cohdb
Replays
Latest Replays
All Replays
Popular Replays
Top Player Replays
Match Explorer
How It Works
Community
CoH3 Stats
Reddit
Sign in to upload your games and track your stats! →
Sign in with Steam
Match 44731652
Unlisted
Match 44731652
Overview
Messages
Build Orders
End
Royal Engineer Section
Construct Section Command Post
Selects Canadian Shock Battlegroup
ML 3-inch Mortar Team
Infantry Section
Vickers Machine Gun Team
Selects Attacking Spirit
Construct Platoon Command Post
Gwangju's Hero Chun Doo-gwang
NiuZeta
RPZWolf
Hold My Beer
波菜
达拉姆第一开矿者卡尔大理石
kyo988
Diter Rams
0
0
Comments
sign in to comment!
No comments posted yet!